 Dungeon Crawl Stone Soup version 0.21.1-1-g345015f (webtiles) character file.

29 prawnwizard the Insei (level 3, -5/23 HPs)
             Began as an Octopode Transmuter on July 22, 2018.
             Slain by a gnoll
             ... wielding a +0 spear of freezing
              (8 damage)
             ... on level 2 of the Dungeon.
             The game lasted 00:01:23 (1748 turns).

prawnwizard the Insei (Octopode Transmuter)         Turns: 1748, Time: 00:01:24

Health: -5/23      AC:  1    Str:  9    XL:     3   Next: 16%
Magic:  6/6        EV: 13    Int: 15    God:
Gold:   34         SH:  0    Dex: 13    Spells: 3/6 levels left

rFire    . . .     SeeInvis .     - Unarmed
rCold    . . .     Gourm    .   (no shield)
rNeg     . . .     Faith    .   (helmet restricted)
rPois    .         Spirit   .   (no amulet)
rElec    .         Reflect  .   (no ring)
rCorr    .         Harm     .   (no ring)
MR       .....                  (no ring)
Stlth    ++........             (no ring)
HPRegen  0.07/turn              (no ring)
MPRegen  0.10/turn              (no ring)
                                (no ring)
                                (no ring)

@: no status effects
A: almost no armour, stealthy swim, amphibious, 8 rings, constrict 8, camouflage
1, gelatinous body 1
a: no special abilities


You were on level 2 of the Dungeon.
You were hungry.

You visited 1 branch of the dungeon, and saw 2 of its levels.

You collected 34 gold pieces.

Inventory:

Missiles
 a - 31 arrows
Scrolls
 d - 3 scrolls of magic mapping {unknown}
 g - a scroll of identify {unknown}
Potions
 e - a potion of haste {unknown}
 f - a potion of degeneration {unknown}
 h - a potion of magic {unknown}
 i - a potion of heal wounds {unknown}
Books
 b - a book of Changes

   Spells                             Type                      Level
   a - Beastly Appendage              Transmutation                1
   b - Sticks to Snakes               Transmutation                2
   c - Spider Form                    Transmutation/Poison         3
   d - Ice Form                       Ice/Transmutation            4
   e - Blade Hands                    Transmutation                5
Comestibles
 c - 5 rations
 j - 4 chunks of flesh


   Skills:
 - Level 1.0 Fighting
 + Level 2.3 Dodging
 * Level 3.5 Unarmed Combat
 + Level 2.2 Spellcasting
 + Level 2.3 Transmutations


You had 3 spell levels left.
You knew the following spells:

 Your Spells              Type           Power        Failure   Level  Hunger
a - Beastly Appendage     Tmut           #.....       9%          1    #......
b - Sticks to Snakes      Tmut           #.......     12%         2    ###....


Dungeon Overview and Level Annotations

Branches:
Dungeon (2/15)

Altars:
Xom


Innate Abilities, Weirdness & Mutations

You cannot wear most types of armour.
You are very stealthy in the water. (Stealth+)
You are amphibious.
You can wear up to eight rings at the same time.
You can use your tentacles to constrict eight enemies at once.
Your skin changes colour to match your surroundings (Stealth+).
Your rubbery body absorbs attacks. (AC +1, EV +1)


Message History

You kill the goblin!
A gnoll comes into view. It is wielding a halberd.
A frilled lizard comes into view.
The gnoll barely misses you.
You barely miss the gnoll. You grab the gnoll. You squeeze the gnoll.
The gnoll is lightly wounded.
You constrict the gnoll.
You are feeling hungry.
You tentacle-slap the gnoll.
The gnoll is severely wounded.
You constrict the gnoll, but do no damage.
The gnoll hits you with a halberd!
Ouch! That really hurt!
The gnoll hits you from afar with a spear of freezing.
* * * LOW HITPOINT WARNING * * *
The gnoll freezes you.
* * * LOW HITPOINT WARNING * * *
You release your grip on the gnoll.
The gnoll hits you from afar with a spear of freezing!
You die...

# #.
###.#########
............#
#.....l.....#####
#..)....g.....
#......gg#
#####.@..#
##...#####
#........
#.####### #...#
###.# ###.#######
#.........##
#..##.####..#


You could see 3 gnolls and a frilled lizard.

Vanquished Creatures
  An ooze (D:1)
  A worm (D:2)
  A leopard gecko (D:1)
  A ball python (D:1)
  A bat (D:1)
  2 giant cockroaches (D:1)
  A hobgoblin (D:2)
  2 jackals (D:1)
  5 kobolds
  A frilled lizard (D:1)
  A goblin (D:2)
  3 rats
20 creatures vanquished.

Notes
Turn   | Place    | Note
-------+----------+-------------------------------------------
     0 | D:1      | prawnwizard the Octopode Transmuter began the quest for the Orb.
     0 | D:1      | Reached XP level 1. HP: 13/13 MP: 3/3
   508 | D:1      | Found a shimmering altar of Xom.
   724 | D:1      | Reached XP level 2. HP: 18/18 MP: 5/5
  1410 | D:1      | Learned a level 2 spell: Sticks to Snakes
  1504 | D:2      | Reached XP level 3. HP: 10/23 MP: 6/6
  1748 | D:2      | Slain by a gnoll

Action                   || total
-------------------------++-------
Melee: Unarmed           ||    57
       Constrict         ||    15
       Tentacles         ||    10
       Punch             ||     4
 Stab: Sleeping          ||     4
  Eat: Chunk             ||     2
Armor: Skin              ||     1
Dodge: Dodged            ||    41
